 Dungeon Sprint DCSS version 0.27.1-34-g3ba077fa99 (webtiles) character file.

Game seed: 5169862930686183540

1021 Karpo the Imperceptible (level 8, 0/36 HPs)
             Began as a Spriggan Enchanter on Feb 8, 2022.
             Was an Initiate of Dithmenos.
             Slain by a deep troll (14 damage)
             ... in the Dungeon (Sprint I: "Red Sonja").
             The game lasted 00:03:04 (391 turns).

Karpo the Imperceptible (Spriggan Enchanter)         Turns: 391, Time: 00:03:05

Health: 0/36       AC:  2    Str:  4    XL:     8   Next: 2%
Magic:  8/13       EV: 17    Int: 18    God:    Dithmenos [......]
Gold:   627        SH:  0    Dex: 16    Spells: 6/12 levels left

rFire    . . .     SeeInvis +   a - +1 dagger
rCold    . . .     Faith    .   (shield restricted)
rNeg     . . .     Spirit   .   b - +0 robe
rPois    .         Reflect  .   (helmet restricted)
rElec    .         Harm     .   (no cloak)
rCorr    .         Rampage  .   (gloves unavailable)
Will     +....     NoTele   +   (boots unavailable)
Stlth    +++++++++.             (no amulet)
HPRegen  0.12/turn              (no ring)
MPRegen  0.13/turn              (no ring)

@: confusing by touch, very quick
A: very small, no large weapons, unfitting armour, see invisible, speed 3
a: Renounce Religion


You were in the Dungeon.
You worshipped Dithmenos.
Dithmenos was noncommittal.
You visited 1 branch You collected 627 gold pieces.

Inventory:

Hand Weapons
 a - a +1 dagger (weapon)
 i - a +2 dagger of distortion
Missiles
 j - 4 curare-tipped darts
Armour
 b - a +0 robe (worn)
Scrolls
 h - a scroll of blinking
Potions
 c - 5 potions of curing
 d - a potion of heal wounds
 e - a potion of haste
 f - 2 potions of magic
 g - a potion of brilliance {unknown}


   Skills:
 - Level 1.1 Short Blades
 - Level 2.6 Dodging
 + Level 23.6 Stealth
 - Level 2.6 Spellcasting
 - Level 3.6 Hexes


You had 6 spell levels left.
You knew the following spells:

 Your Spells              Type           Power      Damage    Failure   Level
a - Corona                Hex            16%        N/A       3%          1
b - Ensorcelled Hibernat  Hex/Ice        16%        N/A       12%         2
c - Confusing Touch       Hex            15%        N/A       12%         3

Your spell library contained the following spells:

 Spells                   Type           Power      Damage    Failure   Level
 Tukima's Dance           Hex            15%        N/A       12%         3
 Dazzling Flash           Conj/Hex       16%        N/A       24%         3


Dungeon Overview and Level Annotations

Branches:
Dungeon (1/1)

Altars:
Cheibriados
Dithmenos
Elyvilon
Fedhas
Gozag
Hepliaklqana
Kikubaaqudgha
Nemelex Xobeh
Okawaru
Qazlal
Ru
Sif Muna
Trog
Uskayaw
Vehumet
Wu Jian
Yredelemnul
Zin
The Shining One

Shops:
D (?


Innate Abilities, Weirdness & Mutations

You are very small and have problems with some larger weapons.
You are too small for most types of armour.
You have supernaturally acute eyesight. (SInv)
You cover ground extremely quickly. (Speed+++)


Message History

You now have 443 gold pieces (gained 27).
c - 3 potions of curing (gained 1)
You now have 470 gold pieces (gained 27).
You now have 497 gold pieces (gained 27).
You now have 524 gold pieces (gained 27).
You see here 13 bolts.
You now have 535 gold pieces (gained 11).
c - 5 potions of curing (gained 2)
You now have 546 gold pieces (gained 11).
You now have 573 gold pieces (gained 27).
You now have 600 gold pieces (gained 27).
You now have 627 gold pieces (gained 27).
There is an open door here.
You open the door.
A deep troll comes into view.
Found 108 gold pieces.
There is an open door here.
You see here 27 gold pieces.
Press: ? - help, v - describe, . - travel, g - get item
Here: a deep troll Item here: 27 gold pieces.
The floor.
There is an open door here.
Cast which spell? (? or * to list)
Aiming: Ensorcelled Hibernation (safe; 12% risk of failure)
Press: ? - help, Shift-Dir - straight line, f - deep troll
Aim: a deep troll (chance to affect: 23%)
The deep troll resists with almost no effort.
Casting: Ensorcelled Hibernation (safe; 12% risk of failure)
Confirm with . or Enter, or press ? or * to list all spells.
The spell is quite dangerous to cast (12% risk of failure)!
Continue anyway? [Y]es or [N]o only, please.
The spell is quite dangerous to cast (12% risk of failure)!
Continue anyway?
Your hands begin to glow red.
The deep troll completely misses you. The deep troll claws you!
The deep troll claws you.
You hit the deep troll but do no damage.
The deep troll misses you. The deep troll claws you. x2
You hit the deep troll but do no damage.
The deep troll bites you!
You die...

#.)#####'#####'#
#..####..#...#.#
#..#__####..##.#
#..#_____##'#_.+
#⌠⌠#_.∩..†'..._#
####_..__##_.#+#
#_____###'#
############.####+###
#∩........'..@T$$.$$+
###++++####...#######
###.### #.#'#.#
#.....# #...(.#
#######


You could see a deep troll.

Vanquished Creatures
  Sonja (D)
  Sigmund (D)
  A yak (D)
  An ogre (D)
  A jelly (D)
  Ijyb (D)
  A ballistomycete spore (D)
7 creatures vanquished.

Vanquished Creatures (others)
  A ballistomycete spore (D)
1 creature vanquished.

Grand Total: 8 creatures vanquished

Notes
Turn   | Place    | Note
-------+----------+-------------------------------------------
     0 | D        | Karpo the Spriggan Enchanter began the quest for the Orb.
     0 | D        | Reached XP level 1. HP: 9/9 MP: 5/5
     1 | D        | Noticed Ijyb
    12 | D        | Killed Ijyb
    13 | D        | Reached skill level 10 in Stealth
    13 | D        | Reached XP level 2. HP: 13/13 MP: 6/6
    63 | D        | Noticed an ogre
    68 | D        | Learned a level 2 spell: Ensorcelled Hibernation
    71 | D        | Killed an ogre
    72 | D        | Reached skill level 14 in Stealth
    72 | D        | Reached XP level 3. HP: 16/16 MP: 8/8
    72 | D        | Reached XP level 4. HP: 21/21 MP: 9/9
    76 | D        | Learned a level 3 spell: Confusing Touch
    84 | D        | Noticed Sigmund
    87 | D        | Killed Sigmund
    88 | D        | Reached skill level 18 in Stealth
    88 | D        | Reached XP level 5. HP: 24/24 MP: 10/10
    88 | D        | Reached XP level 6. HP: 28/28 MP: 11/11
    99 | D        | Found a shimmering blue altar of Sif Muna.
   100 | D        | Found an ornate altar of the Wu Jian Council.
   101 | D        | Found a radiant altar of Vehumet.
   115 | D        | Found Coni's Magic Scroll Emporium.
   115 | D        | Found an ancient bone altar of Kikubaaqudgha.
   115 | D        | Found a hazy altar of Hepliaklqana.
   115 | D        | Found a stormy altar of Qazlal.
   115 | D        | Found a hide-covered altar of Uskayaw.
   115 | D        | Found a blossoming altar of Fedhas.
   115 | D        | Found a bloodstained altar of Trog.
   115 | D        | Found an iron altar of Okawaru.
   115 | D        | Found a basalt altar of Yredelemnul.
   115 | D        | Found a glowing golden altar of the Shining One.
   115 | D        | Found a snail-covered altar of Cheibriados.
   115 | D        | Found a sacrificial altar of Ru.
   115 | D        | Found a glowing silver altar of Zin.
   115 | D        | Found a shadowy altar of Dithmenos.
   115 | D        | Found a white marble altar of Elyvilon.
   115 | D        | Noticed a yak
   116 | D        | Found an opulent altar of Gozag.
   117 | D        | Killed a yak
   118 | D        | Reached skill level 20 in Stealth
   134 | D        | Found a sparkling altar of Nemelex Xobeh.
   140 | D        | Became a worshipper of Dithmenos the Shadowed
   149 | D        | Noticed Sonja
   153 | D        | Killed Sonja
   154 | D        | Reached skill level 23 in Stealth
   154 | D        | Reached XP level 7. HP: 32/32 MP: 12/12
   154 | D        | Reached XP level 8. HP: 36/36 MP: 13/13
   170 | D        | Found Ufajetz's Antique Weapon Boutique.
   383 | D        | Noticed a deep troll
   391 | D        | Slain by a deep troll

Illustrated notes

Levels and vault maps discovered:
D:        dungeon_sprint_1 [red_sonja_temple_1, red_sonja_temple_small_1]

Skill      XL: |  1  2  3  4  5  6 |
---------------+-------------------+-----
Stealth        | 10 14 18 23 | 23.6
Short Blades   | |  1.1
Dodging        | |  2.6
Spellcasting   | |  2.6
Hexes          | |  3.6

Action                   |  1- 3 |  4- 6 |  7- 9 || total
-------------------------+-------+-------+-------++-------
Melee: Dagger            |     8 |     4 |     3 ||    15
 Cast: Confusing Touch   |       |       |     1 ||     1
       Ensorcelled Hiber |       |       |     1 ||     1
  Use: Potion            |     1 |       |       ||     1
 Stab: Sleeping          |     1 |     4 |     1 ||     6
Dodge: Dodged            |     4 |       |     2 ||     6
